 Seeded DCSS version 0.29-a0-96-g93358da72b (webtiles) character file.

Game seed: 8896313398491821788 (custom seed)

96 innerfire433 the Ducker (level 4, 0/35 HPs)
             Began as a Djinni Monk on Feb 10, 2022.
             Slain by a gnoll (3 damage)
             ... on level 3 of the Dungeon.
             The game lasted 00:04:52 (2398 turns).

innerfire433 the Ducker (Djinni Monk)               Turns: 2398, Time: 00:04:52

Health: 0/35       AC:  3    Str: 12    XL:     4   Next: 98%
Gold:   102        EV: 13    Int: 11    God:
                   SH:  0    Dex: 16

rFire   + + .      SeeInvis .   a - +0 spear (freeze)
rCold   x . .      Faith    .   (no shield)
rNeg    . . .      Spirit   .   b - +0 robe
rPois   ∞          Reflect  .   (no helmet)
rElec   .          Harm     .   (no cloak)
rCorr   .          Rampage  .   l - +0 pair of gloves
Will    .....                   (boots unavailable)
Stlth   ++........              (no amulet)
HPRegen 0.11/turn               (no ring)
MPRegen 0.00/turn               (no ring)

@: attractive, flying
A: sickness immunity, fire resistance 2, cold vulnerability 1, float, innate
caster, HP casting, extra vitality 1
a: no special abilities


You were on level 3 of the Dungeon.
You visited 1 branch of the dungeon, and saw 3 of its levels.

You collected 102 gold pieces.

Inventory:

Hand Weapons
 a - a +0 spear of freezing (weapon)
Missiles
 f - a throwing net (quivered)
Armour
 b - a +0 robe (worn)
 l - a +0 pair of gloves (worn)
Wands
 i - a wand of charming (4)
Scrolls
 e - 2 scrolls of identify
 h - a scroll of vulnerability
Potions
 g - a potion of attraction


   Skills:
 + Level 3.5 Fighting
 + Level 2.9 Polearms
 + Level 3.9 Dodging
 - Level 1.7 Stealth
 * Level 1.5 Spellcasting


You had 5 spell levels left.
You knew the following spells:

 Your Spells              Type           Power      Damage    Failure   Level
a - Freeze                Ice            16%        1d4       16%         1
Your spell library was empty.

Dungeon Overview and Level Annotations

Branches:
Dungeon (3/15)

Altars:


Innate Abilities, Weirdness & Mutations

You are immune to sickness and miasma.
You are immune to poison.
Your flesh is very heat resistant. (rF++)
You are vulnerable to cold. (rC-)
You float through the air rather than walking.
You learn spells naturally, not from books.
Your magical power is your life essence.
You have superior vitality. (+4 MHP)


Message History

The gnoll hits you with a +0 whip.
* * * LOW HITPOINT WARNING * * *
You feel better. The gnoll barely misses you.
The gnoll hits you with a +0 whip.
* * * LOW HITPOINT WARNING * * *
The gnoll is attracted toward you. The gnoll is attracted toward you. x2
Casting: Freeze (safe; 16% risk of failure)
Confirm with . or Enter, or press ? or * to list all spells.
Aiming: Freeze (safe; 16% risk of failure)
Press: ? - help, Shift-Dir - straight line, f - gnoll
Aim: a gnoll, wielding a +0 whip You freeze the gnoll.
The gnoll is lightly wounded.
* * * LOW HITPOINT WARNING * * *
The gnoll hits you with a +0 whip.
* * * LOW HITPOINT WARNING * * *
The gnoll is attracted toward you. x2
You hit the gnoll. You freeze the gnoll.
The gnoll is severely wounded.
The gnoll hits you with a +0 whip.
* * * LOW HITPOINT WARNING * * *
As you read the scroll labelled HEFETI IXAFU, it crumbles to dust.
You assume a fearsome visage.
The gnoll looks frightened! x3
It was a scroll of fear.
The gnoll is attracted toward you. x2
The gnoll is attracted toward you. x3
The gnoll is attracted toward you. x3
You barely miss the gnoll.
The gnoll is heavily wounded.
The gnoll is attracted toward you. x2
The gnoll is attracted toward you. x3
The gnoll is attracted toward you. x3
The gnoll is attracted toward you. x3
The gnoll is attracted toward you. x3
The gnoll is attracted toward you. x3
The gnoll is attracted toward you. x3
The gnoll is attracted toward you. x2
The gnoll seems to regain its courage.
The gnoll is attracted toward you. x2
The gnoll hits you from afar with a +0 spear.
You die...

.......§..# #)# ##.....
.......§..###.# ##...###
.......§...##.###...####
......§.................
#######§####..........#.
#g###.............
#########g................
#.........................
#........@####............
#.........# ##..........#
#.........# ##....#...##
#........## #..#.#..##
#........# ###.#..#.####
#........#####...#.#..###.
#.........................
#................#.#.##...
#........####.##........##


You could see 2 gnolls.

Vanquished Creatures
  2 adders
  A gnoll (D:3)
  A dart slug (D:2)
  An orc (D:3)
  9 endoplasms
  2 giant cockroaches
  7 goblins
  5 hobgoblins
  4 jackals (D:2)
  4 kobolds
  6 quokkas
  3 ball pythons (D:2)
  2 bats (D:2)
  3 frilled lizards
  9 rats
  A spectral goblin (D:2)
60 creatures vanquished.

Notes
Turn   | Place    | Note
-------+----------+-------------------------------------------
     0 | D:1      | innerfire433 the Djinni Monk began the quest for the Orb.
     0 | D:1      | Reached XP level 1. HP: 20/20 MP: 0/0
     3 | D:1      | Noticed a minotaur skeleton
     5 | D:1      | Noticed a vampire
     9 | D:1      | Noticed a demonspawn zombie
    15 | D:1      | Noticed a human
   192 | D:1      | Reached XP level 2. HP: 25/25 MP: 0/0
   568 | D:1      | Reached XP level 3. HP: 25/30 MP: 0/0
   568 | D:1      | Learned a level 1 spell: Freeze
   987 | D:2      | Found a faded altar of an unknown god.
  1168 | D:2      | Reached skill level 1 in Spellcasting
  1168 | D:2      | Reached XP level 4. HP: 19/35 MP: 0/0
  2398 | D:3      | Slain by a gnoll

Illustrated notes

Levels and vault maps discovered:
D:1:      shiori_arrival_whats_in_store_for_you, layout_rooms,
          chequers_serial_rivers_room_a
D:2:      layout_loops_cross, dreamdust_ecumenical_altar_drowned_temple,
          nrook_campfire, st_stairs_9, kennysheep_boxes
D:3:      minmay_wonky_spiral, layout_rooms, cheibrodos_sewer_entry_bend

Skill      XL: |  1  2  3 |
---------------+----------+-----
Spellcasting   | 1 |  1.5
Fighting       | |  3.5
Polearms       | |  2.9
Dodging        | |  3.9
Stealth        | |  1.7

Action                   |  1- 3 |  4- 6 || total
-------------------------+-------+-------++-------
Melee: Spear             |   120 |    55 ||   175
       Punch             |     2 |       ||     2
 Cast: Freeze            |       |     9 ||     9
  Use: Scroll            |     3 |     5 ||     8
       Potion            |       |     6 ||     6
 Stab: Sleeping          |     5 |     6 ||    11
       Distracted        |       |     1 ||     1
Armor: Robe              |    15 |     5 ||    20
Dodge: Dodged            |    76 |    27 ||   103

Table legend: (Time is in decaauts)
 A = Elapsed time spent in this place.
 B = Non-inter-level travel time spent in this place.
 C = Inter-level travel time spent in this place.
 D = Time resting spent in this place.
 E = Time spent auto-exploring this place.
 F = Levels seen in this place.
 G = Mean time per level.
                   A        B        C        D        E       F      G
               +--------+--------+--------+--------+--------+-----+--------+
         Total |   2393 |   2333 |     60 |      0 |   1843 |   3 |  797.7 |
       Dungeon |   2393 |   2333 |     60 |      0 |   1843 |   3 |  797.7 |
               +--------+--------+--------+--------+--------+-----+--------+

Top non-repeatable levels by time:
     D:2: 1110 daAuts
     D:1: 901 daAuts
     D:3: 381 daAuts
